Map: Tours du crépuscule

Players

wunderbar

  • Race: Terran Terran
  • League: Silver

pupu - Winner!

  • Race: Protoss Protoss
  • League: Silver

VOD

Have the link to the VOD?

Description

Time

  • Played on: April 1, 2016, 3:10 p.m.
  • Length: 6:34
Show
View Real Time Build Order
Export as new Build Order

wunderbar Terran 

Build Orders:  

Get SALT Encoding   

  12  0:01  SCV  
  13  0:13  SCV  
  14  0:17  Supply Depot  
  14  0:25  SCV  
  15  0:39  SCV  
  15  0:40  Barracks  
  16  0:44  Refinery  
  16  0:51  SCV  
  17  1:03  SCV  
  18  1:15  SCV  
  19  1:23  Supply Depot  
  19  1:27  Reaper  
  19  1:29  Orbital Command  
  20  1:56  SCV  
  21  2:02  Command Center  
  21  2:11  Barracks Reactor  
  21  2:12  SCV  
  22  2:25  SCV  
  22  2:29  Barracks  
  23  2:31  Barracks  
  23  2:37  SCV  
  24  2:49  SCV  
  25  2:55  Marine x2  
  27  3:01  SCV  
  28  3:08  Refinery  
  28  3:12  Bunker  
  28  3:13  SCV  
  29  3:20  Command Center  
  29  3:23  Orbital Command  
  29  3:28  Marine x2  
  29  3:30  Barracks Tech Lab  
  31  3:34  SCV  
  31  3:37  Marine  
  33  3:46  SCV  
  34  3:57  Engineering Bay  
  34  3:58  SCV  
  34  3:59  SCV  
  36  4:10  SCV  
  36  4:11  SCV  
  36  4:12  Marine x2  
  36  4:13  Marauder  
  36  4:15  Stimpack  
  42  4:21  Factory  
  42  4:22  SCV  
  42  4:23  SCV  
  44  4:25  Supply Depot  
  44  4:31  Terran Infantry Weapons Level 1, Supply Depot  
  44  4:32  Marine  
  45  4:40  Orbital Command  
  46  4:45  SCV x2  
  46  4:47  Marine  
  48  4:55  Barracks Reactor  
  48  4:57  SCV  
  48  4:58  SCV  
  48  4:59  Barracks  
  50  5:03  Marine x2  
  52  5:10  Supply Depot  
  52  5:12  SCV x3  
  55  5:16  Factory Reactor  
  55  5:18  Refinery  
  55  5:24  Starport, SCV x2  
  55  5:25  SCV  
  58  5:30  Missile Turret  
  58  5:32  Missile Turret  
  58  5:37  SCV x3  
  58  5:38  Marine, Missile Turret  
  62  5:43  Missile Turret  
  62  5:49  SCV  
  62  5:59  Marine x6  
  62  6:01  Bunker  
  62  6:02  Widow Mine x2  
  72  6:06  SCV x3  
  77  6:13  Bunker  
  77  6:14  Supply Depot  
Show
View Real Time Build Order
Export as new Build Order

pupu Protoss - Winner!

Build Orders: 1 Gate Expand 

Get SALT Encoding   

  12  0:01  Probe (Chrono Boost)  
  13  0:11  Probe (Chrono Boost)  
  14  0:18  Pylon  
  14  0:22  Probe (Chrono Boost)  
  15  0:36  Probe (Chrono Boost)  
  15  0:40  Gateway  
  16  0:47  Probe (Chrono Boost)  
  17  0:57  Probe (Chrono Boost)  
  18  1:08  Probe (Chrono Boost)  
  20  1:18  Probe (Chrono Boost)  
  20  1:29  Probe (Chrono Boost)  
  21  1:36  Nexus  
  21  1:39  Cybernetics Core  
  21  1:47  Probe (Chrono Boost)  
  21  1:51  Assimilator  
  22  2:00  Pylon  
  22  2:03  Gateway  
  22  2:07  Probe (Chrono Boost)  
  23  2:08  Assimilator  
  23  2:18  Probe (Chrono Boost)  
  24  2:26  Gateway  
  24  2:32  Probe (Chrono Boost)  
  25  2:41  Stalker (Chrono Boost)  
  27  2:57  Probe  
  29  2:58  Probe  
  29  2:59  Stalker (Chrono Boost)  
  31  3:18  Warp Gate (Chrono Boost)  
  31  3:19  Probe  
  31  3:20  Probe  
  33  3:29  Gateway  
  33  3:31  Probe, Pylon  
  33  3:33  Probe  
  35  3:34  Forge  
  35  3:40  Pylon  
  35  3:46  Stalker x2  
  39  4:01  Probe  
  39  4:02  Probe  
  40  4:03  Pylon  
  41  4:18  Stalker x2  
  41  4:19  Stalker  
  41  4:22  Zealot  
  41  4:24  Protoss Ground Weapons Level 1 (Chrono Boost)  
  49  4:26  Probe  
  49  4:27  Probe  
  51  4:33  Assimilator  
  51  4:45  Gateway  
  51  4:49  Gateway  
  51  4:52  Photon Cannon  
  51  5:01  Gateway  
  51  5:12  Twilight Council  
  51  5:13  Pylon  
  51  5:15  Pylon  
  51  5:17  Probe x2, Photon Cannon  
  53  5:23  Pylon  
  53  5:26  Assimilator  
  53  5:29  Probe x2  
  53  5:31  Zealot  
  53  5:32  Sentry x2  
  61  5:42  Mothership Core  
  63  6:00  Zealot x4  
Tags
 
Add a new tag
Caveats
  • Supply blocks, unpowered buildings, or Contaminate may cause inaccurate times.
  • Supply counts are checked every 10 seconds.